 Dungeon Crawl Stone Soup version 0.30-a0-719-gcc4359ea44 (webtiles) character file.

Game seed: 17984441199483635205

1689 Hubris850 the Martial Artist (level 9, -5/57 HPs)
             Began as a Merfolk Ice Elementalist on Jan 26, 2023.
             Was an Initiate of Gozag.
             Slain by an unseen horror (7 damage)
             ... on level 6 of the Dungeon.
             The game lasted 00:19:21 (5835 turns).

Hubris850 the Martial Artist (MfIE)                 Turns: 5835, Time: 00:19:21

Health: -5/57      AC: 12    Str: 11    XL:     9   Next: 2%
Magic:  3/13       EV: 13    Int: 16    God:    Gozag
Gold:   508        SH:  0    Dex: 14    Spells: 4/14 levels left

rFire   . . .      SeeInvis .      - Unarmed
rCold   + . .      Faith    .    (no shield)
rNeg    . . .      Spirit   .    l - +1 robe {rC+}
rPois   .          Reflect  .    i - +0 helmet
rElec   +          Harm     .    w - +1 cloak "Zonak" {Rampage Drain rElec Slay+4}
rCorr   .          Rampage  +    (no gloves)
Will    +....                    (no boots)
Stlth   +++                      (no amulet)
HPRegen 0.29/turn                p - ring of willpower
MPRegen 0.13/turn                (no ring)

@: ice-armoured, freezing walls
A: (nimble swimmer 2), mertail
a: Renounce Religion, Potion Petition, Call Merchant, Bribe Branch


You were on level 6 of the Dungeon.
You worshipped Gozag.
Gozag was pleased with you.
You visited 1 branch of the dungeon, and saw 6 of its levels.
You also visited: Sewer.

You collected 559 gold pieces.
You paid 51 gold pieces to Gozag.

Inventory:

Hand Weapons
 e - a +0 short sword
 g - a +1 dagger of holy wrath
 C - a +2 rapier of flaming
 D - a +1 broad axe of electrocution
Missiles
 x - 14 poisoned darts
 B - a throwing net
Armour
 a - a +0 robe
 d - a +0 leather armour
 i - a +0 helmet (worn)
 l - a +1 robe of cold resistance (worn)
 v - a +0 kite shield
 w - the +1 cloak "Zonak" (worn) {Rampage Drain rElec Slay+4}
   (You found it on level 4 of the Dungeon)

   Slay:      It affects your accuracy & damage with ranged weapons and melee
   (+4).
   rElec:     It insulates you from electricity.
   Drain:     It drains your maximum health when unequipped.
   Rampage:   It bestows one free step when moving towards enemies.
Magical Staves
 u - a staff of earth
Jewellery
 p - a ring of willpower (left hand)
Wands
 k - a wand of flame (17)
 n - a wand of mindburst (13)
 r - a wand of digging (4)
 E - a wand of iceblast (7)
 G - a wand of paralysis (7)
Scrolls
 c - 11 scrolls of identify {unknown}
 h - 2 scrolls of fear {unknown}
 m - a scroll of poison {unknown}
 o - a scroll of torment {unknown}
 q - a scroll of immolation {unknown}
 s - a scroll of blinking
 t - a scroll of amnesia {unknown}
 y - 2 scrolls of enchant weapon {unknown}
 H - a scroll of noise {unknown}
Potions
 b - 4 potions of magic
 f - 2 potions of curing {unknown}
 j - a potion of degeneration {unknown}
 z - 3 potions of heal wounds {unknown}
 A - a potion of resistance {unknown}
 F - a potion of ambrosia {unknown}


   Skills:
 - Level 4.0 Dodging
 - Level 4.0 Stealth
 + Level 8.9 Unarmed Combat
 - Level 3.0 Spellcasting
 - Level 3.0 Conjurations
 - Level 6.0 Ice Magic
 - Level 2.0 Air Magic


You had 4 spell levels left.
You knew the following spells:

 Your Spells              Type           Power      Damage    Failure   Level
a - Freeze                Ice            84%        1d9       1%          1
b - Frozen Ramparts       Ice            42%        1d7       4%          3
c - Ozocubu's Armour      Ice            21%        N/A       4%          3
d - Mephitic Cloud        Conj/Pois/Air  7%         N/A       28%         3

Your spell library contained the following spells:

 Spells                   Type           Power      Damage    Failure   Level
 Shock                    Conj/Air       40%        1d5       7%          1
 Hailstorm                Conj/Ice       16%        3d6       9%          3
 Summon Small Mammal      Summ           8%         N/A       19%         1
 Poisonous Vapours        Pois/Air       10%        N/A       19%         2
 Cigotuvi's Dreadful Rot  Necr/Pois/Air  8%         N/A       22%         2
 Lesser Beckoning         Tloc           4%         N/A       28%         2
 Sublimation of Blood     Necr           2%         N/A       28%         2
 Wereblood                Tmut           2%         N/A       28%         2
 Summon Ice Beast         Ice/Summ       12%        N/A       47%         4
 Call Canine Familiar     Summ           2%         N/A       50%         3
 Gell's Gravitas          Tloc           2%         N/A       50%         3
 Summon Guardian Golem    Hex/Summ       2%         N/A       50%         3
 Teleport Other           Tloc           2%         N/A       50%         3
 Iskenderun's Mystic Bla  Conj/Tloc      7%         2d4       69%         4
 Freezing Cloud           Conj/Ice/Air   7%         6-21      75%         5
 Metabolic Englaciation   Hex/Ice        6%         N/A       83%         5
 Arcjolt                  Conj/Air       5%         1d15      88%         5
 Summon Hydra             Summ           1%         N/A       100%        7
 Simulacrum               Ice/Necr       Unusable   N/A       N/A         6

Dungeon Overview and Level Annotations

Branches:
Dungeon (6/15)              Sewer (visited)
 Temple: D:4-7

Altars:
Gozag
Makhleb
Nemelex Xobeh
Qazlal
Trog
Vehumet
Yredelemnul
Zin

Shops:
D:1 *

Annotations:
D:4 exclusion: player ghost


Innate Abilities, Weirdness & Mutations

((You are very nimble when in or above water. (Stealth+, EV+, Speed+++)))
Your lower body shifts to a powerful aquatic tail in water.


Message History

You hit something.
The wall freezes something.
Something hits you but does no damage.
The wall freezes something.
Something hits you.
You miss something.
The frozen ramparts melt away.
Something completely misses you. Something hits you but does no damage.
Casting: Frozen Ramparts (dangerous; 4% risk of failure)
Confirm with . or Enter, or press ? or * to list all spells.
Casting: Frozen Ramparts (dangerous; 4% risk of failure)
Press: ? - help, Dir - look around, f - activate The walls around you are covered in ice.
The wall freezes something.
Something hits you but does no damage.
The wall freezes something but does no damage.
You hit something.
The wall freezes something but does no damage.
Something hits you.
* * * LOW HITPOINT WARNING * * *
The wall freezes something.
Something hits you but does no damage.
The wall freezes something.
Something hits you but does no damage.
You barely miss something.
The wall freezes something but does no damage.
Something hits you but does no damage.
The wall freezes something but does no damage.
Something hits you but does no damage.
You barely miss something.
The wall freezes something but does no damage.
Something completely misses you.
The wall freezes something but does no damage.
Something hits you.
* * * LOW HITPOINT WARNING * * *
You barely miss something.
The wall freezes something.
Something hits you but does no damage.
The wall freezes something.
Something hits you but does no damage.
You closely miss something.
The wall freezes something.
Something hits you.
* * * LOW HITPOINT WARNING * * *
The wall freezes something but does no damage.
Something hits you!
* * * LOW HITPOINT WARNING * * *
You punch something!
The wall freezes something.
Something hits you!
You die...
Your body crumbles into a pile of gold.

### #####
#.#################...#
#...................#.#
#.###################.#
#.# #@#.#..# #.#
####..{#.###.# #.#
#..#.####.#..#
#.########.## #.###.#
#...........# ##.#..#
##########.## ##.#.#
#......# #.# ###.#
#.####.# #.# ..#
.......# #.# .##


There were no monsters in sight!

Vanquished Creatures
  A komodo dragon (D:6)
  Sigmund (D:5)
  A steam dragon (D:6)
  2 ice beasts
  2 phantoms
  A scorpion (D:6)
  A bullfrog (Sewer)
  A wyvern skeleton (D:4)
  A water moccasin skeleton (D:4)
  The ghost of Zeko the Magician, a weakling DjFE (D:4)
  A centaur zombie (D:4)
  2 hounds
  A jelly (D:5)
  Jessica (D:3)
  2 iguanas
  An orc wizard (D:5)
  A howler monkey zombie (D:4)
  13 adders
  7 gnolls (D:4)
  3 river rats (D:4)
  3 worms (D:4)
  2 dart slugs
  15 orcs
  14 ball pythons
  7 bats
  6 endoplasms
  12 giant cockroaches
  3 hobgoblins
  5 kobolds
  7 quokkas
  7 frilled lizards
  6 goblins
  6 rats
137 creatures vanquished.

Notes
Turn   | Place    | Note
-------+----------+-------------------------------------------
     0 | D:1      | Hubris850 the Merfolk Ice Elementalist began the quest for
                  | the Orb.
     0 | D:1      | Reached XP level 1. HP: 13/13 MP: 3/3
   180 | D:1      | Reached skill level 1 in Unarmed Combat
   314 | D:1      | Reached XP level 2. HP: 19/19 MP: 5/5
   509 | D:1      | Reached skill level 2 in Unarmed Combat
   555 | D:1      | Found Kielus's General Store.
   744 | D:1      | Reached XP level 3. HP: 24/24 MP: 6/6
   748 | D:1      | Learned a level 3 spell: Frozen Ramparts
  1078 | D:2      | You fall into a shaft and drop 1 floor!
  1110 | D:3      | Noticed Jessica
  1126 | D:3      | Killed Jessica
  1127 | D:3      | Reached skill level 3 in Unarmed Combat
  1275 | D:3      | Reached XP level 4. HP: 30/30 MP: 7/7
  1583 | D:4      | Noticed a phantom
  1585 | D:4      | Killed a phantom
  1586 | D:4      | Reached skill level 4 in Unarmed Combat
  1586 | D:4      | Reached XP level 5. HP: 35/35 MP: 8/8
  1594 | D:4      | Reached skill level 5 in Unarmed Combat
  1645 | D:4      | Got Vehumet's Anthology of Translocated Fulmination
  1911 | D:4      | Found a glowing drain.
  1918 | Sewer    | Entered a sewer
  2141 | Sewer    | Reached skill level 6 in Unarmed Combat
  2144 | Sewer    | Reached XP level 6. HP: 39/41 MP: 9/9
  2492 | D:4      | Found a runed translucent gate.
  2492 | D:4      | Found a runed translucent gate.
  2492 | D:4      | Found a runed translucent gate.
  2495 | D:4      | Noticed Zeko's ghost (weakling DjFE)
  2602 | D:4      | Reached skill level 5 in Ice Magic
  2664 | D:4      | Learned a level 3 spell: Ozocubu's Armour
  2668 | D:4      | Learned a level 3 spell: Mephitic Cloud
  2897 | D:4      | Identified the +1 cloak "Zonak" {Rampage Drain rElec
                  | Slay+4}
  3275 | D:4      | Reached XP level 7. HP: 36/46 MP: 11/11
  3504 | D:2      | Found a faded altar of an unknown god.
  3634 | D:2      | Reached skill level 1 in Air Magic
  3742 | D:2      | Reached skill level 1 in Conjurations
  3779 | D:2      | Found an opulent altar of Gozag.
  3794 | D:2      | Became a worshipper of Gozag Ym Sagoz the Greedy
  4280 | D:4      | Killed Zeko's ghost
  4382 | D:5      | Entered Level 5 of the Dungeon
  4387 | D:5      | Noticed Sigmund
  4400 | D:5      | Killed Sigmund
  4466 | D:5      | Found a sparkling altar of Nemelex Xobeh.
  4467 | D:5      | Found a basalt altar of Yredelemnul.
  4491 | D:5      | Reached XP level 8. HP: 52/52 MP: 12/12
  4762 | D:5      | Found a burning altar of Makhleb.
  4764 | D:5      | Found a radiant altar of Vehumet.
  4766 | D:5      | Found a glowing silver altar of Zin.
  4768 | D:5      | Found a bloodstained altar of Trog.
  4772 | D:5      | Found a stormy altar of Qazlal.
  5185 | D:6      | Reached skill level 7 in Unarmed Combat
  5808 | D:6      | Noticed a komodo dragon
  5817 | D:6      | Killed a komodo dragon
  5818 | D:6      | Reached skill level 8 in Unarmed Combat
  5818 | D:6      | Reached XP level 9. HP: 48/57 MP: 7/13
  5834 | D:6      | HP: 2/57 [something (7)]
  5835 | D:6      | Slain by an unseen horror

Illustrated notes

Levels and vault maps discovered:
D:1:      sevenhm_arrival_forest_fort_small_4, layout_loops_corners,
          serial_shops, shop
D:2:      layout_loops_ring, hellmonk_ecumenical_altar_leap_of_faith,
          basic_altar, bh_walls_and_bars
D:3:      layout_rooms, uniq_jessica
D:4:      nicolae_cairo_tiling_large, layout_basic, lightli_sewer_entry_pipes,
          gammafunk_ghost_necromancy, kennysheep_big_empty_room
D:5:      layout_basic, nicolae_overflow_hallway_of_the_gods, uniq_sigmund
D:6:      layout_basic, chequers_mini_garden, minmay_small_thing

Skill      XL: |  1  2  3  4  5  6  7  8 |
---------------+-------------------------+-----
Unarmed Combat | 1 2 3 4 6 8 |  8.9
Ice Magic      | 5 6 |  6.0
Spellcasting   | 3 |  3.0
Air Magic      | 2 |  2.0
Conjurations   | 3 |  3.0
Dodging        | 3 4 |  4.0
Stealth        | 4 |  4.0

Action                     |  1- 3 |  4- 6 |  7- 9 || total
---------------------------+-------+-------+-------++-------
  Melee: Unarmed           |    11 |   190 |   178 ||   379
         Dagger            |    54 |    28 |       ||    82
         Short sword       |     1 |       |       ||     1
         Punch             |     2 |     4 |     6 ||    12
         Tailslap          |       |    12 |       ||    12
   Cast: Freeze            |     4 |     2 |       ||     6
         Frozen Ramparts   |     2 |     9 |    11 ||    22
         Ozocubu's Armour  |       |       |     3 ||     3
  Evoke: Wand              |       |     2 |     1 ||     3
   Stab: Sleeping          |     9 |     6 |    10 ||    25
         Distracted        |       |     1 |       ||     1
 Armour: Robe              |    13 |    42 |    61 ||   116
  Dodge: Dodged            |    32 |   156 |    98 ||   286

Table legend: (Time is in decaauts)
 A = Elapsed time spent in this place.
 B = Non-inter-level travel time spent in this place.
 C = Inter-level travel time spent in this place.
 D = Time resting spent in this place.
 E = Time spent auto-exploring this place.
 F = Levels seen in this place.
 G = Mean time per level.
                   A        B        C        D        E       F      G
               +--------+--------+--------+--------+--------+-----+--------+
         Total |   5703 |   5487 |    216 |    508 |   3667 |   7 |  814.7 |
       Dungeon |   5280 |   5064 |    216 |    381 |   3638 |   6 |  880.0 |
         Sewer |    422 |    422 |      0 |    127 |     28 |   1 |  422.0 |
               +--------+--------+--------+--------+--------+-----+--------+

Top non-repeatable levels by time:
     D:4: 1475 daAuts
     D:1: 1063 daAuts
     D:6: 800 daAuts
     D:2: 761 daAuts
     D:5: 637 daAuts
     D:3: 543 daAuts
   Sewer: 422 daAuts
